 Dungeon Crawl Stone Soup version 0.25-a0-949-gdd2af9e06e (webtiles) character file.

Game seed: 2122467555579256626, levelgen mode: deterministic

106654 MisterFreud the Blocker (level 16, -2/127 HPs)
             Began as a Gnoll Fighter on May 8, 2020.
             Was the Champion of Ashenzari.
             Slain by a wolf spider (17 damage)
             ... on level 2 of the Spider Nest.
             The game lasted 01:01:38 (34532 turns).

MisterFreud the Blocker (Gnoll Fighter)            Turns: 34532, Time: 01:01:39

Health: -2/127     AC: 20    Str: 18 (19) XL:     16   Next: 44%
Magic:  10/30      EV: 17    Int: 19      God:    Ashenzari [******]
Gold:   1224       SH: 19    Dex: 16      Spells: 36/36 levels left

rFire    . . .     SeeInvis +   A - +9 eveningstar (drain) (curse)
rCold    . . .     Gourm    .   c - +0 kite shield (curse)
rNeg     . . .     Faith    .   F - +4 scale mail {rPois}
rPois    +         Spirit   .   J - +0 helmet
rElec    .         Reflect  +   X - +2 cloak
rCorr    .         Harm     .   (no gloves)
MR       +++..     Clarity  +   a - +1 pair of boots
Stlth    +++.......             h - +5 amulet of reflection
HPRegen  0.31/turn              N - ring of the Mage {Wiz MR++ Int+3}
MPRegen  0.22/turn              H - +2 ring of slaying

@: no status effects
A: distributed training, fangs 1, strong nose
a: Curse Item, Scrying, Renounce Religion


You were on level 2 of the Spider Nest.
You worshipped Ashenzari.
Ashenzari was exalted by your worship.
You were not hungry.

You visited 6 branches of the dungeon, and saw 27 of its levels.
You visited the Abyss 1 time.
You also visited: Volcano.

You collected 2554 gold pieces.
You spent 1330 gold pieces at shops.

Inventory:

Hand Weapons
 A - a cursed +9 eveningstar of draining (weapon)
Missiles
 m - 13 javelins (quivered)
 r - 4 throwing nets
 C - 51 boomerangs
Armour
 a - a +1 pair of boots (worn)
 c - a cursed +0 kite shield (worn)
 k - the +3 hat of Pondering {ponderous, MR+ MP+10 Int+5}
   (You took it off Gastronok on level 3 of the Lair of Beasts)

   It affects your intelligence (+5).
   It affects your resistance to hostile enchantments.
   It affects your magic capacity (+10).
 F - a +4 scale mail of poison resistance (worn)
 J - a +0 helmet (worn)
 K - a +2 chain mail of cold resistance
 X - a +2 cloak (worn)
Jewellery
 b - an uncursed ring of protection from magic
 h - a +5 amulet of reflection (around neck)
 G - an uncursed ring of protection from cold
 H - a +2 ring of slaying (right hand)
 N - the ring of the Mage (left hand) {Wiz MR++ Int+3}
   (You found it on level 6 of the Dungeon)

   [ring of wizardry]

   It improves your spell success rate.
   It affects your intelligence (+3).
   It affects your resistance to hostile enchantments.
 T - an uncursed ring of protection from fire
Wands
 i - a wand of acid (18)
 s - a wand of scattershot (2)
 x - a wand of flame (14)
 D - a wand of disintegration (16)
 O - a wand of paralysis (2)
 Q - a wand of iceblast (20)
 R - a wand of clouds (8)
 V - a wand of polymorph (6)
Scrolls
 e - 9 scrolls of amnesia
 j - 8 scrolls of teleportation
 p - 8 scrolls of identify
 v - 2 scrolls of enchant armour
 y - 5 scrolls of fear
 z - 13 scrolls of remove curse
 L - a scroll of magic mapping
 P - 3 scrolls of fog
 S - 2 scrolls of blinking
 W - 2 scrolls of summoning
Potions
 d - 2 potions of might
 g - 3 potions of magic
 l - 3 potions of degeneration
 n - 5 potions of flight
 o - 7 potions of curing
 q - 2 potions of invisibility
 t - 4 potions of lignification
 u - 5 potions of haste
 w - a potion of ambrosia
 E - 4 potions of berserk rage
 I - 3 potions of resistance
 M - 4 potions of brilliance
 U - 5 potions of stabbing
Comestibles
 f - 45 rations


   Skills:
 + Level 12.2 Fighting
 + Level 11.5 Short Blades
 + Level 10.6 Long Blades
 + Level 10.6 Axes
 + Level 10.6(14.9) Maces & Flails
 + Level 10.6 Polearms
 + Level 10.6 Staves
 + Level 10.6 Slings
 + Level 10.6 Bows
 + Level 10.6 Crossbows
 + Level 10.6 Throwing
 + Level 12.2 Armour
 + Level 10.6 Dodging
 + Level 10.6 Stealth
 + Level 12.2(14.9) Shields
 + Level 10.6 Unarmed Combat
 + Level 10.6 Spellcasting
 + Level 9.0 Conjurations
 + Level 9.0 Hexes
 + Level 9.0 Charms
 + Level 9.0 Summonings
 + Level 9.0 Necromancy
 + Level 9.0 Translocations
 + Level 9.0 Transmutations
 + Level 9.0 Fire Magic
 + Level 9.0 Ice Magic
 + Level 9.0 Air Magic
 + Level 9.0 Earth Magic
 + Level 9.0 Poison Magic
 + Level 11.5 Invocations
 + Level 10.6 Evocations


You had 36 spell levels left.
You didn't know any spells.
Your spell library contained the following spells:

 Spells                   Type           Power        Failure   Level  Hunger
 Beastly Appendage        Tmut           #####.       1%          1    None
 Foxfire                  Conj/Fire      ####         1%          1    None
 Freeze                   Ice            ####         1%          1    None
 Magic Dart               Conj           ####         1%          1    None
 Summon Butterflies       Summ           #####...     1%          1    None
 Blink                    Tloc           N/A          1%          2    None
 Call Imp                 Summ           #####...     1%          2    None
 Corpse Rot               Necr/Air       N/A          1%          2    None
 Passwall                 Tmut/Erth      #####...     1%          2    None
 Searing Ray              Conj           #####.       1%          2    None
 Slow                     Hex            #####...     1%          2    None
 Sticks to Snakes         Tmut           #####...     1%          2    None
 Sublimation of Blood     Necr           #####.....   1%          2    None
 Swiftness                Chrm/Air       #####...     1%          2    None
 Call Canine Familiar     Summ           #####...     1%          3    None
 Conjure Flame            Conj/Fire      #####...     1%          3    None
 Dazzling Flash           Conj/Hex       #####.       1%          3    None
 Frozen Ramparts          Ice            #####.       1%          3    None
 Inner Flame              Hex/Fire       #####...     1%          3    None
 Mephitic Cloud           Conj/Pois/Air  #####...     1%          3    None
 Ozocubu's Armour         Chrm/Ice       #####...     1%          3    None
 Recall                   Summ/Tloc      N/A          1%          3    None
 Spider Form              Tmut/Pois      #####.....   1%          3    None
 Dispel Undead            Necr           #####...     1%          4    ##.....
 Fulminant Prism          Conj/Hex       #####.....   1%          4    ##.....
 Hailstorm                Conj/Ice       #####...     1%          4    ##.....
 Ice Form                 Ice/Tmut       #####...     1%          4    ##.....
 Iskenderun's Mystic Bla  Conj/Tloc      #####...     1%          4    ##.....
 Passage of Golubria      Tloc           N/A          1%          4    ##.....
 Sticky Flame             Conj/Fire      #####...     1%          4    ##.....
 Summon Ice Beast         Ice/Summ       #####...     1%          4    ##.....
 Agony                    Necr           #####...     4%          5    ####...
 Aura of Abjuration       Summ           #####.....   4%          5    ####...
 Blade Hands              Tmut           #####.....   4%          5    ####...
 Excruciating Wounds      Chrm/Necr      #####.....   4%          5    ####...
 Fireball                 Conj/Fire      #####.....   4%          5    ####...
 Lee's Rapid Deconstruct  Erth           #####.....   4%          5    ####...
 Summon Demon             Summ           #####.....   4%          5    ####...
 Summon Forest            Summ/Tloc      #####.....   4%          5    ####...
 Summon Mana Viper        Hex/Summ       #####...     4%          5    ####...
 Darkness                 Hex            #####.....   26%         6    ######.
 Invisibility             Hex            #####...     26%         6    ######.
 Shadow Creatures         Summ           N/A          26%         6    ######.
 Summon Hydra             Summ           #####.....   77%         7    #######


Dungeon Overview and Level Annotations

Branches:
Dungeon (15/15)            Temple (1/1) D:5            Lair (6/6) D:11
  Swamp (1/4) Lair:3       Spider (2/4) Lair:4        Slime (0/5) Lair:6
    Orc (2/2) D:11            Elf (0/3) Orc:2        Vaults (0/5) D:13
 Depths (0/5) D:15        Volcano (visited)

Altars:
Ashenzari
Cheibriados
Dithmenos
Elyvilon
Fedhas
Gozag
Hepliaklqana
Kikubaaqudgha
Makhleb
Nemelex Xobeh
Okawaru
Qazlal
Ru
Sif Muna
Trog
Uskayaw
Vehumet
Wu Jian
Xom
Yredelemnul
Zin
The Shining One
Beogh
Jiyva

Shops:
D:4 %   D:6 =   D:11 *   D:12 (   D:15 [   Orc:2 *?=(*

Annotations:
D:10 1 runed translucent door, MisterFreud's ghost, amateur FoAK
D:12 3 runed translucent doors
Lair:6 exclusion: 4 oklob plants
Spider:2 Roxanne
Orc:1 3 runed translucent doors, Flugslaktarn's ghost, journeyman MiBe


Innate Abilities, Weirdness & Mutations

Your experience applies equally to all skills.
You have very sharp teeth.
Your uncanny sense of smell can sniff out nearby items.


Message History

Unknown command.
Unknown command.
You puncture the ghost moth!
You kill the ghost moth!
You start resting.
You sense a monster nearby.
You start resting.
A wolf spider comes into view.
The wolf spider moves out of view.
You start resting.
The wolf spider is too close now for your liking.
The wolf spider hisses angrily.
Okay, then.
Unknown command.
Evoke which item? (* to show all) (? for menu, Esc to quit)
Aiming: Paralyse
Press: ? - help, Shift-Dir - straight line, f - wolf spider
Aim: a wolf spider (chance to defeat MR: 73%)
The wolf spider struggles to resist.
The wolf spider hits you!
You die...

.^##^...........#.....†#...##. ,
...#............##.........^..,,
..^.......^.....##.%....>......
#.............###......^....#..
* ...##.........^#$.........^##
. ...#.<###.....###..........#,
, * ∆####........^#.##.......# ,
,, * #..........###.......^# ,
^, ##..#......@s........##,,,
##.#.##.............# ,, , *
#≈≈≈#..............#*,,
##≈≈≈#..####^......^# , #≈≈≈####
........##,,,,, #≈≈≈≈≈
#.≈##....# ^,* #≈≈≈≈≈*
###.,....^,,* ≈ ##.≈..#** * ,.
,#.. , ≈ * .. ≈,^ ,,, *,, , *


You could see a wolf spider.

Vanquished Creatures
  Jorgrun (D:15)
  Agnes (Spider:1)
  Gastronok (Lair:3)
  Kirke (Spider:1)
  A ghost moth (Spider:2)
  3 entropy weavers
  Nessos (D:14)
  Snorg (D:10)
  Josephine (Lair:4)
  A yaktaur captain (D:15)
  A catoblepas (Lair:6)
  A vault guard (D:13)
  8 hydras
  Harold (D:7)
  A centaur warrior (D:15)
  5 death yaks (Lair:6)
  A death knight (D:14)
  6 two-headed ogres
  An ogre mage (D:12)
  A deep troll shaman (Lair:6)
  A queen ant (Spider:1)
  5 orc high priests (Orc:2)
  Urug (D:12)
  A skeletal warrior (D:14)
  2 unseen horrors (D:13)
  A wizard (D:15)
  An oklob plant (D:11)
  4 wolf spiders
  An orb spider (Spider:1)
  3 orc knights
  2 deep elf magi
  3 orc sorcerers
  2 cyclopes
  2 ugly things (D:13)
  20 elephants
  A manticore (D:15)
  A guardian serpent (D:13)
  A black mamba (shapeshifter) (D:13)
  2 black mambas
  A centaur zombie (D:12)
  Maurice (Orc:1)
  2 gargoyles (D:12)
  9 spiny frogs
  4 molten gargoyles (Volcano)
  Maggie (D:7)
  4 kobold demonologists
  3 efreet
  9 komodo dragons
  4 demonic crawlers
  A yaktaur (D:15)
  2 freezing wraiths (D:14)
  6 trolls
  13 jumping spiders
  A tyrant leech (Lair:3)
  Prince Ribbit (D:9)
  A hornet (Spider:1)
  12 dream sheep
  2 polar bears (Lair:6)
  4 blink frogs
  10 hippogriffs
  31 redbacks
  A shadow (D:15)
  A spriggan (shapeshifter) (D:12)
  7 wraiths
  A vampire (D:11)
  5 tarantellas
  5 wyverns
  A hungry ghost (D:10)
  33 yaks
  4 basilisks
  2 fire elementals (Volcano)
  3 hogs (Spider:1)
  A steam dragon (D:6)
  8 vampire mosquitoes
  Menkaure (D:4)
  3 wargs
  2 acid dragons
  13 water moccasins
  Duvessa (D:7)
  3 soldier ants
  6 porcupines
  5 ice beasts
  A black bear (D:6)
  2 phantoms
  An eye of draining (D:10)
  27 orc warriors
  3 sky beasts
  2 hornet zombies (D:10)
  A necrophage (D:8)
  25 wolves
  16 ogres
  9 centaurs
  12 crocodiles
  7 big kobolds
  Blork the orc (D:6)
  20 bullfrogs
  2 gnoll sergeants
  Dowan (D:7)
  2 earth elementals (Volcano)
  7 scorpions
  A wyvern skeleton (D:13)
  8 wights
  An electric eel (Lair:2)
  10 howler monkeys
  7 crimson imps
  A quasit (D:10)
  5 hounds
  5 centaur skeletons
  32 orc priests
  Crazy Yiuf (D:4)
  An iron imp (D:9)
  2 jellies
  25 orc wizards
  A bullfrog skeleton (D:12)
  3 iguanas
  10 worker ants
  17 adders
  16 gnolls
  5 shadow imps
  2 adder skeletons
  An adder zombie (D:4)
  A worm (D:2)
  4 dart slugs
  6 leopard geckos
  74 orcs
  2 giant cockroaches
  9 goblins
  4 hobgoblins
  18 jackals
  31 kobolds
  5 quokkas
  3 ball pythons
  3 bats
  4 frilled lizards
  A leopard gecko skeleton (D:8)
  A quokka skeleton (D:5)
  8 rats
  4 fire vortices (Volcano)
  4 plants
795 creatures vanquished.

Vanquished Creatures (others)
  A redback (Spider:1)
  2 humans (Spider:1)
  2 orc wizards (D:4)
  A worker ant (Spider:1)
  A bush (Lair:6)
  A fire vortex (Volcano)
  10 fungi
  13 plants
  15 starspawn tentacles (Abyss:1)
46 creatures vanquished.

Grand Total: 841 creatures vanquished

Notes
Turn   | Place    | Note
-------+----------+-------------------------------------------
     0 | D:1      | MisterFreud the Gnoll Fighter began the quest for the Orb.
     0 | D:1      | Reached XP level 1. HP: 23/23 MP: 1/1
   116 | D:1      | Reached XP level 2. HP: 29/29 MP: 2/2
   738 | D:2      | Found an iron altar of Okawaru.
   757 | D:2      | Found a faded altar of an unknown god.
   932 | D:2      | Reached XP level 3. HP: 34/35 MP: 3/3
   983 | D:2      | Reached skill level 1 in Invocations
  1230 | D:2      | Noticed an orc warrior
  2000 | D:2      | Reached skill level 1 in Long Blades
  2000 | D:2      | Reached skill level 1 in Axes
  2000 | D:2      | Reached skill level 1 in Maces & Flails
  2000 | D:2      | Reached skill level 1 in Polearms
  2000 | D:2      | Reached skill level 1 in Staves
  2000 | D:2      | Reached skill level 1 in Slings
  2000 | D:2      | Reached skill level 1 in Bows
  2000 | D:2      | Reached skill level 1 in Crossbows
  2000 | D:2      | Reached skill level 1 in Throwing
  2000 | D:2      | Reached skill level 1 in Dodging
  2000 | D:2      | Reached skill level 1 in Stealth
  2000 | D:2      | Reached skill level 1 in Unarmed Combat
  2000 | D:2      | Reached skill level 1 in Spellcasting
  2000 | D:2      | Reached skill level 1 in Evocations
  2000 | D:2      | Reached XP level 4. HP: 20/41 MP: 5/5
  2761 | D:3      | Found a blossoming altar of Fedhas.
  2876 | D:3      | Reached skill level 1 in Conjurations
  2876 | D:3      | Reached skill level 1 in Hexes
  2876 | D:3      | Reached skill level 1 in Charms
  2876 | D:3      | Reached skill level 1 in Summonings
  2876 | D:3      | Reached skill level 1 in Necromancy
  2876 | D:3      | Reached skill level 1 in Translocations
  2876 | D:3      | Reached skill level 1 in Transmutations
  2876 | D:3      | Reached skill level 1 in Fire Magic
  2876 | D:3      | Reached skill level 1 in Ice Magic
  2876 | D:3      | Reached skill level 1 in Air Magic
  2876 | D:3      | Reached skill level 1 in Earth Magic
  2876 | D:3      | Reached skill level 1 in Poison Magic
  3025 | D:3      | Found a glowing golden altar of the Shining One.
  3099 | D:3      | Reached XP level 5. HP: 28/47 MP: 6/6
  3567 | D:3      | Found an ornate altar of the Wu Jian Council.
  3569 | D:3      | Found a glowing silver altar of Zin.
  3569 | D:3      | Found a sacrificial altar of Ru.
  3782 | D:4      | Noticed a centaur
  3793 | D:4      | Killed a centaur
  3793 | D:4      | Reached XP level 6. HP: 22/53 MP: 8/8
  4018 | D:4      | Noticed Menkaure
  4027 | D:4      | Killed Menkaure
  4027 | D:4      | Reached skill level 5 in Short Blades
  4078 | D:4      | Noticed a phantom
  4101 | D:4      | Killed a phantom
  4101 | D:4      | Reached XP level 7. HP: 57/59 MP: 10/10
  4139 | D:4      | Found Amaeth's Food Boutique.
  4313 | D:4      | Reached XP level 8. HP: 19/67 MP: 12/12
  4750 | D:4      | Found a runed translucent door.
  4751 | D:4      | Noticed Crazy Yiuf
  4940 | D:4      | Killed Crazy Yiuf
  5025 | D:5      | Entered Level 5 of the Dungeon
  5775 | D:5      | Found a shimmering blue altar of Sif Muna.
  5979 | D:5      | Found a staircase to the Ecumenical Temple.
  5987 | Temple   | Entered the Ecumenical Temple
  6023 | Temple   | Became a worshipper of Ashenzari the Shackled
  6626 | D:6      | Reached XP level 9. HP: 69/72 MP: 14/14
  6728 | D:6      | Noticed Blork the orc
  6740 | D:6      | Killed Blork the orc
  6838 | D:6      | Found Ruoren's Jewellery Shoppe.
  6839 | D:6      | Found the ring of the Mage {Wiz MR++ Int+3}
  6847 | D:6      | Found a stormy altar of Qazlal.
  7443 | D:6      | Found a shadowy altar of Dithmenos.
  7695 | D:7      | Reached * piety under Ashenzari
  7861 | D:7      | Noticed Harold
  7890 | D:7      | Killed Harold
  7890 | D:7      | Reached skill level 5 in Invocations
  8216 | D:7      | Noticed Duvessa
  8216 | D:7      | Noticed Dowan
  8277 | D:7      | Reached XP level 10. HP: 72/80 MP: 17/17
  8470 | D:7      | Noticed Maggie
  8486 | D:7      | Killed Maggie
  8635 | D:7      | Cast into level 1 of the Abyss (big kobold)
  8643 | Abyss:1  | Identified the +6 great sword "Gimoshru" {chaos, rElec
                  | Str-4 Dex+6}
  8670 | Abyss:1  | Noticed an apocalypse crab
  8705 | Abyss:1  | Found a corrupted altar of Lugonu.
  8754 | Abyss:1  | Noticed a tentacled starspawn
  8776 | Abyss:1  | Noticed a sixfirhy
  8790 | Abyss:1  | Noticed a tentacled starspawn
  8839 | Abyss:1  | Noticed a starcursed mass
  8870 | Abyss:1  | Reached ** piety under Ashenzari
  8886 | D:7      | Escaped the Abyss
  9234 | D:7      | Reached skill level 5 in Long Blades
  9234 | D:7      | Reached skill level 5 in Axes
  9234 | D:7      | Reached skill level 5 in Maces & Flails
  9234 | D:7      | Reached skill level 5 in Polearms
  9234 | D:7      | Reached skill level 5 in Staves
  9234 | D:7      | Reached skill level 5 in Slings
  9234 | D:7      | Reached skill level 5 in Bows
  9234 | D:7      | Reached skill level 5 in Crossbows
  9234 | D:7      | Reached skill level 5 in Throwing
  9234 | D:7      | Reached skill level 5 in Dodging
  9234 | D:7      | Reached skill level 5 in Stealth
  9234 | D:7      | Reached skill level 5 in Unarmed Combat
  9234 | D:7      | Reached skill level 5 in Spellcasting
  9234 | D:7      | Reached skill level 5 in Evocations
  9355 | D:7      | Killed Duvessa
  9365 | D:7      | Killed Dowan
 10734 | D:9      | Noticed Prince Ribbit
 10890 | D:9      | Killed Prince Ribbit
 11295 | D:9      | Found an ancient bone altar of Kikubaaqudgha.
 11536 | D:9      | Found a snail-covered altar of Cheibriados.
 11682 | D:9      | Reached *** piety under Ashenzari
 11796 | D:10     | Entered Level 10 of the Dungeon
 11831 | D:10     | Reached XP level 11. HP: 76/87 MP: 17/19
 12261 | D:10     | Noticed Snorg
 12304 | D:10     | HP: 4/87 [Snorg (8)]
 12306 | D:10     | Killed Snorg
 12594 | D:10     | Found a runed translucent door.
 12597 | D:10     | Noticed MisterFreud's ghost (amateur FoAK)
 12598 | D:10     | Identified the +5 spear of Hichaoj {holy, +Rage rF+ rC-
                  | Str+2 Dex+3}
 12654 | D:10     | Reached skill level 5 in Conjurations
 12654 | D:10     | Reached skill level 5 in Hexes
 12654 | D:10     | Reached skill level 5 in Charms
 12654 | D:10     | Reached skill level 5 in Summonings
 12654 | D:10     | Reached skill level 5 in Necromancy
 12654 | D:10     | Reached skill level 5 in Translocations
 12654 | D:10     | Reached skill level 5 in Transmutations
 12654 | D:10     | Reached skill level 5 in Fire Magic
 12654 | D:10     | Reached skill level 5 in Ice Magic
 12654 | D:10     | Reached skill level 5 in Air Magic
 12654 | D:10     | Reached skill level 5 in Earth Magic
 12654 | D:10     | Reached skill level 5 in Poison Magic
 13396 | D:11     | Found a staircase to the Orcish Mines.
 13396 | D:11     | Noticed a two-headed ogre
 13417 | D:10     | Killed a two-headed ogre
 13705 | D:11     | Found a staircase to the Lair.
 13705 | D:11     | Noticed an oklob plant
 14171 | D:11     | Noticed a soul eater
 14617 | D:11     | Reached **** piety under Ashenzari
 14643 | D:11     | Found Gothreha's Assorted Antiques.
 14656 | D:11     | Bought a scroll labeled JOBLOMEULU for 29 gold pieces
 15111 | D:12     | Found a runed translucent gate.
 15111 | D:12     | Found a runed translucent gate.
 15111 | D:12     | Noticed a brown very ugly thing
 15111 | D:12     | Noticed a white ugly thing
 15113 | D:12     | Found a runed translucent gate.
 15113 | D:12     | Noticed a cyan ugly thing
 15114 | D:12     | Noticed a cyan ugly thing
 15115 | D:12     | Noticed a cyan ugly thing
 15115 | D:12     | Noticed a cyan ugly thing
 15283 | D:12     | Reached XP level 12. HP: 96/96 MP: 22/22
 15336 | D:12     | Noticed Urug
 15352 | D:12     | Killed Urug
 15617 | D:12     | Found a shimmering altar of Xom.
 15621 | D:12     | Found Bidiu's Antique Weapon Boutique.
 15746 | D:12     | Identified a scroll of acquirement
 15746 | D:12     | Identified the cursed +3 war axe "Irphiech" {chaos, rElec}
                  | (You acquired it on level 12 of the Dungeon)
 15746 | D:12     | Identified the cursed +0 pair of boots "Apliafon" {MP+9
                  | Int+2 Stlth+} (You acquired it on level 12 of the Dungeon)
 16502 | D:13     | Noticed a two-headed ogre
 16519 | D:13     | Noticed an ogre mage
 16519 | D:13     | Noticed a two-headed ogre
 16519 | D:13     | Noticed a two-headed ogre
 16630 | D:13     | Noticed a two-headed ogre
 16631 | D:13     | Noticed a seven-headed hydra
 17088 | Lair:1   | Entered Level 1 of the Lair of Beasts
 17121 | Lair:1   | Noticed a seven-headed hydra
 17136 | Lair:1   | Killed a seven-headed hydra
 18117 | Lair:2   | Reached ***** piety under Ashenzari
 18497 | Lair:2   | Reached skill level 10 in Fighting
 18497 | Lair:2   | Reached skill level 10 in Armour
 18497 | Lair:2   | Reached skill level 10 in Shields
 18769 | Lair:2   | Noticed a six-headed hydra
 18780 | Lair:2   | Killed a six-headed hydra
 19282 | Lair:3   | Noticed Gastronok
 19282 | Lair:3   | Noticed a four-headed hydra
 19293 | Lair:3   | Killed a four-headed hydra
 19306 | Lair:3   | Killed Gastronok
 19306 | Lair:3   | Reached XP level 13. HP: 86/103 MP: 22/24
 19438 | Lair:3   | Found a staircase to the Swamp.
 20503 | Swamp:1  | Entered Level 1 of the Swamp
 20819 | Lair:4   | Noticed Josephine
 20839 | Lair:4   | Killed Josephine
 21123 | Lair:4   | Found a hole to the Spider Nest.
 21945 | Lair:5   | Reached XP level 14. HP: 64/111 MP: 16/26
 22259 | Lair:5   | Reached ****** piety under Ashenzari
 22830 | Lair:6   | Entered Level 6 of the Lair of Beasts
 22938 | Lair:6   | Reached skill level 10 in Short Blades
 23906 | Lair:6   | Reached skill level 10 in Invocations
 24716 | Lair:6   | Found a viscous altar of Jiyva.
 24717 | Lair:6   | Found a staircase to the Slime Pits.
 26041 | D:13     | Reached XP level 15. HP: 118/119 MP: 26/28
 26475 | D:13     | Found a gate to the Vaults.
 27013 | D:14     | Noticed Nessos
 27035 | D:14     | Killed Nessos
 27777 | D:15     | Entered Level 15 of the Dungeon
 27963 | D:15     | Found a staircase to the Depths.
 27963 | D:15     | Noticed Jorgrun
 27978 | D:15     | Killed Jorgrun
 28238 | D:15     | Found a shattered altar of Ashenzari.
 28245 | D:15     | Found Room Cuofi's Armour Boutique.
 28555 | D:15     | Reached skill level 10 in Long Blades
 28555 | D:15     | Reached skill level 10 in Axes
 28555 | D:15     | Reached skill level 10 in Maces & Flails
 28555 | D:15     | Reached skill level 10 in Polearms
 28555 | D:15     | Reached skill level 10 in Staves
 28555 | D:15     | Reached skill level 10 in Slings
 28555 | D:15     | Reached skill level 10 in Bows
 28555 | D:15     | Reached skill level 10 in Crossbows
 28555 | D:15     | Reached skill level 10 in Throwing
 28555 | D:15     | Reached skill level 10 in Dodging
 28555 | D:15     | Reached skill level 10 in Stealth
 28555 | D:15     | Reached skill level 10 in Unarmed Combat
 28555 | D:15     | Reached skill level 10 in Spellcasting
 28555 | D:15     | Reached skill level 10 in Evocations
 28761 | Orc:1    | Entered Level 1 of the Orcish Mines
 28766 | Orc:1    | Noticed Maurice
 28778 | Orc:1    | Killed Maurice
 28875 | Orc:1    | Found a dark tunnel.
 28887 | Volcano  | Entered a volcano
 29966 | Orc:1    | Found a runed translucent gate.
 29968 | Orc:1    | Found a runed translucent gate.
 29969 | Orc:1    | Found a runed translucent gate.
 29970 | Orc:1    | Noticed Flugslaktarn's ghost (journeyman MiBe)
 29973 | Orc:1    | Identified the +1 robe of the Wary Blessings {MR+ Int-2
                  | Dex+3}
 29974 | Orc:1    | Identified the +5 rapier of a Thousand Queens {pain, rF++
                  | Dex+5 Stlth-}
 29974 | Orc:1    | Found an iron altar of Okawaru.
 30063 | Orc:2    | Entered Level 2 of the Orcish Mines
 30959 | Orc:2    | Found a staircase to the Elven Halls.
 30981 | Orc:2    | Found a roughly hewn altar of Beogh.
 31005 | Orc:2    | Found Qocrun's Assorted Antiques.
 31476 | Orc:2    | Bought a worn lead wand for 108 gold pieces
 31593 | Orc:2    | Found Raoceub's Magic Scroll Boutique.
 31593 | Orc:2    | Found Ephugou's Jewellery Boutique.
 31594 | Orc:2    | Found Hakiosut's Assorted Antiques.
 31597 | Orc:2    | Found Werryuvi's Weapon Shop.
 31602 | Orc:2    | Bought a scroll of teleportation for 87 gold pieces
 31602 | Orc:2    | Bought a scroll of teleportation for 87 gold pieces
 31602 | Orc:2    | Bought a potion of heal wounds for 145 gold pieces
 31602 | Orc:2    | Bought 3 scrolls labeled ARAARO LAUJUPH for 87 gold pieces
 31618 | Orc:2    | Bought a scroll of fear for 45 gold pieces
 31618 | Orc:2    | Bought a scroll of fear for 45 gold pieces
 31618 | Orc:2    | Bought a scroll of teleportation for 39 gold pieces
 31618 | Orc:2    | Bought a scroll of fog for 26 gold pieces
 31618 | Orc:2    | Bought a scroll of enchant weapon for 97 gold pieces
 31919 | D:6      | Bought a +5 amulet of reflection for 535 gold pieces
 32141 | Spider:1 | Entered Level 1 of the Spider Nest
 32488 | Lair:4   | Reached XP level 16. HP: 78/127 MP: 30/30
 33399 | Spider:1 | Noticed Kirke
 33410 | Spider:1 | Killed Kirke
 33842 | Spider:1 | Noticed Agnes
 33858 | Spider:1 | Killed Agnes
 34447 | Spider:2 | Identified Roxanne's Handbook of the Rocks
 34447 | Spider:2 | Noticed Roxanne
 34484 | Spider:2 | HP: 1/127 [ghost moth (7)]
 34532 | Spider:2 | Slain by a wolf spider

Levels and vault maps discovered:
D:1:      ebering_trefoil_3fold, layout_basic, minmay_hedge_maze,
          minmay_heptomino_l4
D:2:      layout_loops_cross, okawaru_ov_weapons_minmay, first_ration,
          chequers_ecumenical_altar_simple, grunt_ministairs_1
D:3:      layout_loops_ring, nicolae_tso_swordbearing_angel,
          grunt_temple_overflow_diamond, fedhas_ov_isle_minmay
D:4:      layout_gridville, serial_shops, shop, uniq_crazy_yiuf_cottage,
          uniq_menkaure
D:5:      layout_loops_ring, lemuel_blue_sif_altar,
          minmay_temple_entry_glassed_door
D:6:      layout_basic, lemuel_round_altar, minmay_shop_enchanted_jewellery,
          nicolae_qazlal_general_emergency, uniq_blork_the_orc
D:7:      layout_loops_ring, grunt_ogre_cave, minmay_misc_feat_iff,
          chequers_serial_rivers_micro_d, uniq_harold, uniq_maggie, uniq_duvessa
D:8:      layout_rooms, roderic_roman_lattice
D:9:      layout_roguey, kennysheep_mini_moat, slow_altar_2,
          minmay_starry_boxes, uniq_prince_ribbit1
D:10:     layout_layer_cave, ebering_ghost_funeral_grove, uniq_snorg
D:11:     layout_irregular_city, dpeg_oklobed_lair, david_orc_3, serial_shops,
          nicolae_shop_statue_plus
D:12:     layout_loops_corners, serial_shops, shop_fountains, basic_altar,
          ploomutoo_gammafunk_ghost_potion_laboratory, uniq_urug
D:13:     layout_small_grid, david_vaults_5, nrook_guardian_serpent_ordinary
D:14:     layout_roguey, minmay_misc_feat_rows, kennysheep_generic_room_14,
          uniq_nessos
D:15:     grunt_enter_depths_snipers, layout_basic, ashenzari_altar_1,
          serial_shops, nicolae_shop_stone, uniq_jorgrun
Temple:   minmay_temple_bridge_abc
Lair:1:   layout_hall_layers, grunt_megastairs_2
Lair:2:   layout_small_grid, beast_lair_carwin_4, serial_bayou_shore_a
Lair:3:   layout_regular_city, minmay_swamp_entry_worms, st_stairs_12,
          lemuel_fruit_fields, uniq_gastronok
Lair:4:   layout_long_grid, nicolae_spider_entry_tight_spaces,
          hibernation_bobbens, uniq_josephine
Lair:5:   layout_regular_city, chequers_serial_rivers_micro_c,
          serial_bayou_shore_b, grunt_megastairs_5
Lair:6:   grunt_lair_end_beastmaster, layout_loops_ring,
          dpeg_slime_entry_enclosed_altar, minmay_lair_oklob_chamber
Swamp:1:  layout_basic_swamp, portal_ice_cave_entry_ice_statue_two,
          nicolae_swamp_very_dense_foliage, swamp_pool2,
          infiniplex_staircase_pool_2
Spider:1: layout_spider_delve, nicolae_spider_ant_collections, uniq_kirke,
          uniq_agnes
Spider:2: layout_spider_delve, uniq_roxanne
Orc:1:    layout_caves, nicolae_volcano_entry_s_turn,
          gammafunk_ghost_fury_of_okawaru, nicolae_orc_tapped_out, uniq_maurice
Orc:2:    st_orc_mages, layout_caves, serial_shops, nicolae_shop_waterfront,
          mines1_david

Skill      XL: |  1  2  3  4  5  6  7  8  9 10 11 12 13 14 15 16 |
---------------+-------------------------------------------------+-----
Invocations    | 1 2 3 4 5 6 7 8 9 10 11 | 11.5
Long Blades    | 1 2 3 4 5 6 7 8 9 10 | 10.6
Axes           | 1 2 3 4 5 6 7 8 9 10 | 10.6
Maces & Flails | 1 2 3 4 5 6 7 8 9 10 | 10.6
Polearms       | 1 2 3 4 5 6 7 8 9 10 | 10.6
Staves         | 1 2 3 4 5 6 7 8 9 10 | 10.6
Slings         | 1 2 3 4 5 6 7 8 9 10 | 10.6
Bows           | 1 2 3 4 5 6 7 8 9 10 | 10.6
Crossbows      | 1 2 3 4 5 6 7 8 9 10 | 10.6
Throwing       | 1 2 3 4 5 6 7 8 9 10 | 10.6
Dodging        | 1 2 3 4 5 6 7 8 9 10 | 10.6
Stealth        | 1 2 3 4 5 6 7 8 9 10 | 10.6
Unarmed Combat | 1 2 3 4 5 6 7 8 9 10 | 10.6
Spellcasting   | 1 2 3 4 5 6 7 8 9 10 | 10.6
Evocations     | 1 2 3 4 5 6 7 8 9 10 | 10.6
Conjurations   | 1 2 3 4 5 6 7 8 9 |  9.0
Hexes          | 1 2 3 4 5 6 7 8 9 |  9.0
Charms         | 1 2 3 4 5 6 7 8 9 |  9.0
Summonings     | 1 2 3 4 5 6 7 8 9 |  9.0
Necromancy     | 1 2 3 4 5 6 7 8 9 |  9.0
Translocations | 1 2 3 4 5 6 7 8 9 |  9.0
Transmutations | 1 2 3 4 5 6 7 8 9 |  9.0
Fire Magic     | 1 2 3 4 5 6 7 8 9 |  9.0
Ice Magic      | 1 2 3 4 5 6 7 8 9 |  9.0
Air Magic      | 1 2 3 4 5 6 7 8 9 |  9.0
Earth Magic    | 1 2 3 4 5 6 7 8 9 |  9.0
Poison Magic   | 1 2 3 4 5 6 7 8 9 |  9.0
Short Blades   | 5 6 7 8 9 10 11 | 11.5
Fighting       | 7 8 9 10 11 12 | 12.2
Armour         | 7 8 9 10 11 12 | 12.2
Shields        | 7 8 9 10 11 12 | 12.2

Action                   |  1- 3 |  4- 6 |  7- 9 | 10-12 | 13-15 | 16-18 || total
-------------------------+-------+-------+-------+-------+-------+-------++-------
Melee: Rapier            |    85 |   141 |   441 |  1096 |       |       ||  1763
       Bite              |     9 |    18 |    50 |   191 |   183 |    19 ||   470
       Eveningstar       |       |       |       |   161 |  1259 |   200 ||  1620
Invok: Curse Item        |       |       |     2 |     1 |       |       ||     3
Evoke: Wand              |       |       |    11 |    16 |     7 |     6 ||    40
  Use: Potion            |       |       |     5 |     2 |     4 |     1 ||    12
       Scroll            |       |       |     5 |    18 |    13 |       ||    36
 Stab: Paralysed         |       |       |       |     2 |       |       ||     2
       Sleeping          |       |       |       |       |    20 |     6 ||    26
       Distracted        |       |       |       |       |     4 |     2 ||     6
       Petrifying        |       |       |       |       |     1 |       ||     1
       Invisible         |       |       |       |       |     3 |       ||     3
  Eat: Chunk             |     1 |     5 |    14 |    30 |    39 |     4 ||    93
       Ration            |     1 |       |       |     2 |     1 |     1 ||     5
Armor: Scale mail        |    18 |    33 |   180 |     3 |   384 |    69 ||   687
       Chain mail        |       |       |   108 |   450 |       |       ||   558
Dodge: Dodged            |    24 |    25 |   194 |   327 |   600 |   119 ||  1289
Block: Kite shield       |    45 |    63 |   303 |   607 |   840 |   225 ||  2083

Table legend:
 A = Non-vault XP
 B = Vault XP
 C = Vault XP percentage of total XP
 D = Non-vault monster count
 E = Vault monster count
 F = Vault count percentage of total count
                 A         B        C        D         E       F
            +---------+---------+-------+---------+---------+-------
      Total |  100621 |   51742 |  34.0 |     629 |     160 |  20.3
            +---------+---------+-------+---------+---------+-------
        D:1 |       9 |       5 |  35.7 |       7 |       3 |  30.0
        D:2 |      71 |      15 |  17.4 |      18 |       2 |  10.0
        D:3 |     192 |       0 |   0.0 |      26 |       0 |   0.0
        D:4 |     784 |     212 |  21.3 |      23 |       2 |   8.0
        D:5 |     860 |       0 |   0.0 |      27 |       0 |   0.0
        D:6 |    1082 |      96 |   8.1 |      14 |       1 |   6.7
        D:7 |     881 |    1712 |  66.0 |      29 |       5 |  14.7
        D:8 |    1318 |       0 |   0.0 |      16 |       0 |   0.0
        D:9 |    1182 |     646 |  35.3 |      33 |       7 |  17.5
       D:10 |    4542 |    1180 |  20.6 |      41 |       1 |   2.4
       D:11 |    2363 |     867 |  26.8 |      46 |      10 |  17.9
       D:12 |    6629 |     831 |  11.1 |      34 |       1 |   2.9
       D:13 |    8093 |    2255 |  21.8 |      24 |       6 |  20.0
       D:14 |    3385 |    1372 |  28.8 |      10 |       2 |  16.7
       D:15 |    5667 |    4863 |  46.2 |      22 |       4 |  15.4
     Lair:1 |    2867 |     523 |  15.4 |       9 |       2 |  18.2
     Lair:2 |    3502 |     606 |  14.8 |      16 |       5 |  23.8
     Lair:3 |    7039 |    2565 |  26.7 |      17 |       3 |  15.0
     Lair:4 |    7806 |    4317 |  35.6 |      32 |      14 |  30.4
     Lair:5 |    9881 |     107 |   1.1 |      37 |       1 |   2.6
     Lair:6 |   12068 |   10917 |  47.5 |      48 |      20 |  29.4
   Spider:1 |   10367 |    9452 |  47.7 |      36 |      16 |  30.8
   Spider:2 |    2718 |       0 |   0.0 |       3 |       0 |   0.0
      Orc:1 |    2881 |     445 |  13.4 |      28 |       1 |   3.4
      Orc:2 |    4434 |    5844 |  56.9 |      33 |      44 |  57.1
    Volcano |       0 |    2912 | 100.0 |       0 |      10 | 100.0
            +---------+---------+-------+---------+---------+-------
